 Dungeon Crawl Stone Soup version 0.17.1-2-g5865329 (webtiles) character file.

79 JustSomeDude the Insei (level 4, 0/35 HPs)
             Began as a Demonspawn Monk on Jan 26, 2016.
             Was a Believer of Dithmenos.
             Succumbed to an adder's poison
             ... on level 2 of the Dungeon.
             The game lasted 00:03:58 (2411 turns).

JustSomeDude the Insei (Demonspawn Monk)            Turns: 2411, Time: 00:03:58

Health: 0/35       AC:  2    Str: 11    XL:     4   Next: 17%
Magic:  3/4        EV: 14    Int: 12    God:    Dithmenos [**....]
Gold:   84         SH:  0    Dex: 16    Spells: 0 memorised, 3 levels left

rFire  . . .     SeeInvis .     e - +0 short sword
rCold  . . .     Clarity  +     a - +0 robe
rNeg   . . .     SustAt   .     (no shield)
rPois  .         Gourm    .     (no helmet)
rElec  .         Spirit   +     (no cloak)
rCorr  .         Warding  .     (no gloves)
rMut   .         Stasis   .     (no boots)
MR     .....                    (no amulet)
Stlth  +++++.....               (no ring)
                                (no ring)

@: lethally poisoned (0 -> -2), wreathed by umbra, not resistant to hostile
enchantments, quite stealthy
A: clarity, nightstalker 2, magic shield
a: Shadow Step, Renounce Religion


You were on level 2 of the Dungeon.
You worshipped Dithmenos.
Dithmenos was pleased with you.
You were not hungry.

You visited 1 branch of the dungeon, and saw 2 of its levels.

You collected 84 gold pieces.

Inventory:

Hand Weapons
 e - a +0 short sword (weapon)
Armour
 a - a +0 robe (worn)
Scrolls
 d - a scroll of teleportation {unknown}
 f - a scroll of blinking {unknown}
 h - a scroll of magic mapping {unknown}
Comestibles
 b - a bread ration
 g - 2 meat rations


   Skills:
 + Level 3.1 Fighting
 + Level 1.0 Short Blades
 + Level 3.5 Dodging
 + Level 2.3 Stealth
 + Level 4.0 Unarmed Combat


You had 3 spell levels left.
You didn't know any spells.

Dungeon Overview and Level Annotations

Branches:
Dungeon (2/15)

Altars:
Dithmenos


Innate Abilities, Weirdness & Mutations

You are significantly more attuned to the shadows.
When hurt, damage is shared between your health and your magic reserves.
You possess an exceptional clarity of mind.


Message History

* * * LOW HITPOINT WARNING * * *
You feel sick.
* * * LOW HITPOINT WARNING * * *
You feel sick.
* * * LOW HITPOINT WARNING * * *
You feel sick.
A bat comes into view.
There is a faded altar to an unknown god here.
This altar will convert you to a god.
You cannot discern which.
Do you pray? Dithmenos accepts your prayer! Dithmenos welcomes you!
You are shrouded in an aura of darkness!
You can now step into the shadows of nearby creatures.
There is a lethal amount of poison in your body!
You aren't carrying any potions.
Read which item? (? for menu, Esc to quit)
As you read the scroll labeled HEKECS NYME, it crumbles to dust.
You assume a fearsome visage.
The bat looks frightened!
It was a scroll of fear.
You die...

#.....# #.#.###.#####...#####(..
#.....## #.#.###.#...).......#.#.
#......###.#.....................
#.......##.#..##.#...........#...
#...†....#........####..........#
#...)..†............##...######..
#...†...........8....#...# ##.
#..........##..8.8.......# #.
##..(....#....8.@.8.###.## ##
##.....#####..8.8..# #.#
####†..### #...8........
....................##
.############.##.#.... ## #.
..b...#


You could see a bat (fleeing).

Vanquished Creatures
  3 adders (D:2)
  5 giant cockroaches
  12 hobgoblins
  4 jackals (D:1)
  A quokka (D:2)
  A ball python (D:1)
  5 bats
  A giant newt (D:1)
  5 goblins
  8 kobolds
  4 rats
49 creatures vanquished.

Notes
Turn   | Place    | Note
--------------------------------------------------------------
     0 | D:1      | JustSomeDude the Demonspawn Monk began the quest for the Orb.
     0 | D:1      | Reached XP level 1. HP: 18/18 MP: 1/1
   373 | D:1      | Gained mutation: You are slightly more attuned to the shadows. [demonic ancestry]
   373 | D:1      | Reached XP level 2. HP: 13/24 MP: 2/2
   754 | D:1      | Gained mutation: You evolve. [potion of beneficial mutation]
   900 | D:1      | Reached skill level 4 in Unarmed Combat
  1202 | D:1      | Gained mutation: When hurt, damage is shared between your health and your magic reserves. [demonic ancestry]
  1202 | D:1      | Reached XP level 3. HP: 29/29 MP: 3/3
  2052 | D:2      | Gained mutation: You possess an exceptional clarity of mind. [evolution]
  2052 | D:2      | Lost mutation: You evolve. [end of evolution]
  2194 | D:2      | Found a faded altar to an unknown god.
  2284 | D:2      | Gained mutation: You are significantly more attuned to the shadows. [demonic ancestry]
  2284 | D:2      | Reached XP level 4. HP: 14/35 MP: 4/4
  2395 | D:2      | Reached skill level 1 in Short Blades
  2403 | D:2      | HP: 1/35 [poisoned by an adder]
  2411 | D:2      | Became a worshipper of Dithmenos the Shadowed
  2411 | D:2      | Reached * piety under Dithmenos
  2411 | D:2      | Reached ** piety under Dithmenos
  2411 | D:2      | Succumbed to an adder's poison

Action                   |  1- 3 |  4- 6 || total
-------------------------+-------+-------++-------
Melee: Short sword       |   179 |    17 ||   196
       Unarmed           |     5 |       ||     5
  Use: Potion            |     1 |       ||     1
       Scroll            |       |     1 ||     1
 Stab: Sleeping          |     6 |       ||     6
  Eat: Chunk             |     2 |       ||     2
       Meat ration       |     1 |       ||     1
